 Dungeon Crawl Stone Soup version 0.31-a0-325-g067879e3d3 (webtiles) character file.

Game seed: 4006612478940243909

72 derpindaisy the Ruffian (level 4, 0/40 HPs)
             Began as a Ghoul Monk on July 18, 2023.
             Was a Believer of Nemelex Xobeh.
             Killed by divine providence
             ... invoked by an orc priest
              (16 damage)
             ... on level 3 of the Dungeon.
             The game lasted 00:03:09 (1272 turns).

derpindaisy the Ruffian (Ghoul Monk)                Turns: 1272, Time: 00:03:09

Health: 0/40       AC:  2    Str: 14    XL:     4   Next: 26%
Magic:  3/3        EV: 13    Int:  5    God:    Nemelex Xobeh [**....]
Gold:   81         SH:  0    Dex: 13    Spells: 3/3 levels left

rFire   . .          .
                       - Unarmed
rCold   + . .        c - orb {light}
rNeg    + + +        a - +0 robe
rPois   ∞            (no helmet)
rElec   .            (no cloak)
rCorr   .            (no gloves)
SInv    .            (no boots)
Will    .....        (no amulet)
Stlth   +            (no ring)
HPRegen 0.00/turn    (no ring)
MPRegen 0.08/turn

%: no passive effects
@: inhibited regen, glowing, invisible (but backlit and visible)
A: claws 1, cold resistance 1, negative energy resistance 3, inhibited
regeneration, torment resistance 2, devour on kill
a: Renounce Religion, Draw Escape, Draw Destruction, Draw Summoning


You were on level 3 of the Dungeon.
You worshipped Nemelex Xobeh.
Nemelex Xobeh was pleased with you.
You visited 1 branch of the dungeon, and saw 3 of its levels.

You collected 81 gold pieces.

Inventory:

Armour
 a - a +0 robe (worn)
 c - an orb of light (worn)
Scrolls
 e - a scroll of amnesia {unknown}
 f - 3 scrolls of identify {unknown}
 g - a scroll of enchant weapon {unknown}
 i - a scroll of enchant armour {unknown}
Potions
 d - 2 potions of curing
 h - a potion of might {unknown}


   Skills:
 + Level 3.8 Fighting
 + Level 3.4 Dodging
 + Level 4.3 Unarmed Combat


You had 3 spell levels left.
You didn't know any spells.
Your spell library contained the following spells:

 Spells                   Type           Power      Damage    Failure   Level
 Inner Flame              Hex/Fire       0%         N/A       85%         3
 Yara's Violent Unravell  Hex/Tmut       0%         3d3       100%        5
 Enfeeble                 Hex            0%         N/A       100%        7


Dungeon Overview and Level Annotations

Branches:
Dungeon (3/15)

Altars:
Nemelex Xobeh


Innate Abilities, Weirdness & Mutations

You are immune to poison.
You have sharp fingernails.
Your flesh is cold resistant. (rC+)
You are immune to negative energy. (rN+++)
You do not regenerate when monsters are visible.
You are immune to unholy pain and torment.
You thrive by killing the living.


Message History

A ball python comes into view.
The ball python hisses angrily.
You scratch the adder.
The adder is heavily wounded.
The adder closely misses you.
You closely miss the adder.
The adder is heavily wounded.
The adder misses you. The ball python bites you.
The ball python barely misses you.
You closely miss the adder.
The adder is heavily wounded.
The adder misses you.
The orc priest invokes the aid of Beogh against you.
Beogh smites you! The ball python bites you.
* * * LOW HITPOINT WARNING * * *
The ball python closely misses you. The adder closely misses you.
You scratch the ball python.
The ball python is heavily wounded.
The ball python closely misses you. x2; The adder closely misses you.
You scratch the ball python.
You kill the ball python!
The adder completely misses you.
It was a potion of invisibility.
You become transparent, but the glow from your halo prevents you from becoming completely invisible.
The adder bites you but does no damage. The adder bites you.
* * * LOW HITPOINT WARNING * * *
Found 11 gold pieces.
The adder attacks as you move away! The adder closely misses you. x2
It was a potion of curing.
You feel better. The adder closely misses you.
A kobold comes into view. It is wielding a +0 club.
The kobold shouts!
The adder barely misses you. The giant cockroach closely misses you.
The adder barely misses you. The adder bites you.
The adder attacks as you move away! The adder barely misses you.
The orc priest calls down the wrath of Beogh upon you.
Beogh smites you!
You die...
Your body glows slightly brighter and disappears.

..<...wo##########
......{r..w......##
........###.......#
........# #.......#
........# #.......##
........# #..o.....#
........# #...r....#
........###...o....#.#
........##....SB@....#
#........##....
#........# #
#.....K..# #...$....#
#........# #........#
#........#


You could see a worm, an orc priest, an orc wizard (invisible), an adder, a
giant cockroach, a kobold and a rat.

Vanquished Creatures
  6 dart slugs
  6 bats
  6 endoplasms
  2 giant cockroaches (D:2)
  3 goblins
  3 hobgoblins
  4 jackals
  3 quokkas (D:1)
  11 ball pythons
  6 frilled lizards
  2 kobolds (D:1)
  5 rats
57 creatures vanquished.

Notes
Turn   | Place    | Note
-------+----------+-------------------------------------------
     0 | D:1      | derpindaisy the Ghoul Monk began the quest for the Orb.
     0 | D:1      | Reached XP level 1. HP: 19/19 MP: 0/0
    54 | D:1      | Reached XP level 2. HP: 26/26 MP: 1/1
   199 | D:1      | Reached XP level 3. HP: 13/33 MP: 2/2
   329 | D:1      | Reached skill level 4 in Unarmed Combat
   659 | D:2      | Found a faded altar of an unknown god.
   755 | D:2      | Reached XP level 4. HP: 40/40 MP: 3/3
  1208 | D:2      | Prayed at the altar of an unknown god.
  1208 | D:2      | Became a worshipper of Nemelex Xobeh the Trickster
  1208 | D:2      | Reached * piety under Nemelex Xobeh
  1208 | D:2      | Received a gift from Nemelex Xobeh
  1208 | D:2      | Reached ** piety under Nemelex Xobeh
  1272 | D:3      | Killed from afar by an orc priest

Illustrated notes

Levels and vault maps discovered:
D:1:      heliophobic_arrival_ceremonial_halls, layout_rooms
D:2:      layout_rooms, nicolae_ecumenical_oubliette, grunt_ministairs_4,
          minmay_misc_feat_x
D:3:      cheibrodos_old_hovel, layout_basic, grunt_qazlal_sundering,
          roderic_lattice_a

Skill      XL: |  1  2  3 |
---------------+----------+-----
Dodging        | 3 |  3.4
Unarmed Combat | 4 |  4.3
Fighting       | |  3.8

Action                     |  1- 3 |  4- 6 || total
---------------------------+-------+-------++-------
  Melee: Unarmed           |   115 |    22 ||   137
    Use: Potion            |     1 |     2 ||     3
 Armour: Robe              |    22 |     3 ||    25
  Dodge: Dodged            |    89 |    30 ||   119

Table legend: (Time is in decaauts)
 A = Elapsed time spent in this place.
 B = Non-inter-level travel time spent in this place.
 C = Inter-level travel time spent in this place.
 D = Time resting spent in this place.
 E = Time spent auto-exploring this place.
 F = Levels seen in this place.
 G = Mean time per level.
                   A        B        C        D        E       F      G
               +--------+--------+--------+--------+--------+-----+--------+
         Total |   1263 |   1164 |     99 |     97 |    780 |   3 |  421.0 |
       Dungeon |   1263 |   1164 |     99 |     97 |    780 |   3 |  421.0 |
               +--------+--------+--------+--------+--------+-----+--------+

Top non-repeatable levels by time:
     D:1: 650 daAuts
     D:2: 588 daAuts
     D:3: 25 daAuts
